 Dungeon Crawl Stone Soup version 0.22-a0-252-gcace5d2 (webtiles) character file.

2244 Gorglomux the Protected (level 9, -14/82 HPs)
             Began as a Minotaur Summoner on Mar 1, 2018.
             Was an Initiate of Okawaru.
             Demolished by a two-headed ogre
             ... wielding a +0 giant club
              (20 damage)
             ... on level 8 of the Dungeon.
             The game lasted 00:14:41 (9990 turns).

Gorglomux the Protected (Minotaur Summoner)         Turns: 9990, Time: 00:14:42

Health: -14/82     AC: 11    Str: 15    XL:     9   Next: 14%
Magic:  10/10      EV: 11    Int: 12    God:    Okawaru [......]
Gold:   224        SH:  0    Dex: 12    Spells: 7/10 levels left

rFire    . . .     SeeInvis .   a - +0 dagger (venom)
rCold    . . .     Gourm    .   (no shield)
rNeg     . . .     Faith    .   W - +0 scale mail
rPois    .         Spirit   .   (helmet restricted)
rElec    .         Reflect  .   G - +0 cloak
rCorr    .         Harm     .   i - +0 pair of gloves
MR       .....                  (no boots)
Stlth    ..........             (no amulet)
HPRegen  0.23/turn              (no ring)
MPRegen  0.12/turn              (no ring)

@: no status effects
A: retaliatory headbutt, horns 2
a: Renounce Religion


You were on level 8 of the Dungeon.
You worshipped Okawaru.
Okawaru was noncommittal.
You were not hungry.

You visited 2 branches of the dungeon, and saw 9 of its levels.

You collected 458 gold pieces.
You spent 234 gold pieces at shops.

Inventory:

Hand Weapons
 a - a +0 dagger of venom (weapon)
 b - a +0 hand axe
 g - a +0 trident
 h - the +4 morningstar of Xaxatiz {crush, rN+}
   (You bought it in a shop on level 6 of the Dungeon)

   It inflicts extra damage upon your enemies.
   It protects you from negative energy.
Missiles
 Z - 3 throwing nets (quivered)
Armour
 i - a +0 pair of gloves (worn)
 G - a +0 cloak (worn)
 W - a +0 scale mail (worn)
Wands
 I - a wand of iceblast (3)
 U - a wand of flame (5)
Scrolls
 j - 3 scrolls of remove curse
 l - 3 scrolls of amnesia {unknown}
 F - a scroll of magic mapping {unknown}
 M - a scroll of immolation {unknown}
 P - a scroll of enchant weapon {unknown}
 Q - 6 scrolls of teleportation {unknown}
 R - 4 scrolls of identify
 S - 2 scrolls of fog {unknown}
 X - 4 scrolls of enchant armour {unknown}
Potions
 J - a potion of agility {unknown}
 L - a potion of might {unknown}
 N - a potion of magic {unknown}
 O - a potion of haste {unknown}
 T - 3 potions of brilliance
 V - a potion of heal wounds {unknown}
 Y - a potion of cancellation
Comestibles
 c - 18 rations


   Skills:
 + Level 8.3 Fighting
 + Level 6.8 Axes
 + Level 8.3 Armour
 - Level 4.7 Dodging
 - Level 1.5 Stealth
 - Level 1.3 Spellcasting
 - Level 2.9 Summonings


You had 7 spell levels left.
You knew the following spells:

 Your Spells              Type           Power        Failure   Level  Hunger
a - Summon Small Mammal   Summ           #...         26%         1    ##.....
b - Call Imp              Summ           #.......     38%         2    ###....


Dungeon Overview and Level Annotations

Branches:
Dungeon (8/15)             Temple (1/1) D:7
   Lair: D:8-11

Altars:
Cheibriados
Dithmenos
Elyvilon
Fedhas
Gozag
Kikubaaqudgha
Makhleb
Nemelex Xobeh
Okawaru
Qazlal
Ru
Sif Muna
Trog
Uskayaw
Wu Jian
Xom
Yredelemnul
Zin
The Shining One

Shops:
D:6 (

Annotations:
D:6 exclusion: oklob plant


Innate Abilities, Weirdness & Mutations

You reflexively headbutt those who attack you in melee.
You have a pair of horns on your head.


Message History

The two-headed ogre hits you with a giant club!!! * * * don't die
* * * The two-headed ogre hits you with a giant club!!! * * * don't die
* * *
There is an open door here!
There is an open door here!
Throwing (i - inventory)
Z - 3 throwing nets (quivered)
Press: ? - help, Shift-Dir - straight line, f - two-headed ogre
Aim: a two-headed ogre, wielding two giant clubs (heavily wounded, poisoned)
Okay, then!
There is an open door here!
There is an open door here!
There is an open butt here!
There is an open door here!
There is an open butt here!
There is an open door here!
The two-headed ogre hits you with a giant club!!! * * * butt't die
* * * The two-headed ogre butts you with a giant club!!!!!! rip

+........# #........#
#..[.....# #........#
#..?....# #.......##
###### #........#
##..... .. #..@O....#
#...... #...##'###...#
#......
#...##..##..#######.<...
#..........##...##.....
##..........#...........
............#..........#
............'..........+
............#..........#
............#..........#


You could see a two-headed ogre.

Vanquished Creatures
  The ghost of Autsider the Caller, an amateur TeSu of Ashenzari (D:4)
  2 ice beasts (D:5)
  3 phantoms
  An ogre (D:7)
  2 big kobolds (D:4)
  A bullfrog (D:7)
  A wyvern zombie (D:6)
  A scorpion (D:5)
  A howler monkey (D:4)
  2 crimson imps
  A centaur zombie (D:8)
  7 jellies
  A gnoll shaman (D:4)
  2 orc priests
  2 hounds (D:5)
  3 orc wizards
  4 iguanas
  5 worker ants
  A howler monkey skeleton (D:5)
  5 adders
  21 gnolls
  2 shadow imps (D:5)
  8 oozes
  An adder skeleton (D:6)
  An adder zombie (D:6)
  A worm (D:3)
  A dart slug (D:3)
  6 leopard geckos
  20 orcs
  4 bats
  3 giant cockroaches
  38 goblins
  27 hobgoblins
  13 jackals
  4 quokkas
  3 frilled lizards
  A jackal skeleton (D:4)
  5 kobolds
  A leopard gecko skeleton (D:4)
  A leopard gecko zombie (D:7)
  A quokka zombie (D:4)
  5 rats
213 creatures vanquished.

Vanquished Creatures (collateral kills)
  A worm (D:2)
  A kobold (D:2)
  A frilled lizard (D:1)
  2 rats (D:1)
5 creatures vanquished.

Vanquished Creatures (others)
  9 fungi (D:6)
9 creatures vanquished.

Grand Total: 227 creatures vanquished

Notes
Turn   | Place    | Note
-------+----------+-------------------------------------------
     0 | D:1      | Gorglomux the Minotaur Summoner began the quest for the Orb.
     0 | D:1      | Reached XP level 1. HP: 14/14 MP: 1/1
   198 | D:1      | Reached skill level 1 in Fighting
   198 | D:1      | Reached skill level 1 in Armour
   207 | D:1      | Reached XP level 2. HP: 8/23 MP: 0/3
  1775 | D:2      | Found a deep blue altar of Sif Muna.
  1815 | D:2      | Reached XP level 3. HP: 25/29 MP: 1/4
  1827 | D:2      | Learned a level 2 spell: Call Imp
  1904 | D:2      | Reached skill level 3 in Dodging
  2578 | D:3      | Reached XP level 4. HP: 30/37 MP: 5/5
  3372 | D:3      | Reached skill level 3 in Fighting
  3583 | D:4      | Reached skill level 3 in Armour
  3626 | D:4      | Found a shadowy altar of Dithmenos.
  3628 | D:4      | Reached XP level 5. HP: 40/45 MP: 6/6
  4143 | D:4      | Noticed Autsider's ghost (amateur TeSu)
  4425 | D:4      | Killed Autsider's ghost
  4425 | D:4      | Reached XP level 6. HP: 48/52 MP: 7/7
  4580 | D:4      | Reached skill level 1 in Axes
  4828 | D:4      | Reached XP level 7. HP: 47/60 MP: 8/8
  4997 | D:4      | HP: 3/61 [big kobold/short sword (5)]
  5437 | D:4      | Reached skill level 3 in Axes
  6042 | D:4      | Reached skill level 6 in Fighting
  6042 | D:4      | Reached skill level 6 in Armour
  6092 | D:4      | Reached XP level 8. HP: 63/70 MP: 9/9
  6470 | D:5      | Entered Level 5 of the Dungeon
  6543 | D:5      | Found an ornate altar of the Wu Jian Council.
  7136 | D:5      | Found a stormy altar of Qazlal.
  7138 | D:5      | Found a blossoming altar of Fedhas.
  8191 | D:6      | Found Xeuluc's Antique Weapon Boutique.
  8204 | D:6      | Bought a scorched morningstar for 234 gold pieces
  8204 | D:6      | Identified the +4 morningstar of Xaxatiz {crush, rN+} (You bought it in a shop on level 6 of the Dungeon)
  8517 | D:6      | Found a shimmering altar of Xom.
  8600 | D:6      | Reached skill level 6 in Axes
  8663 | D:6      | Found a burning altar of Makhleb.
  8774 | D:6      | Noticed an oklob plant
  8892 | D:6      | Reached XP level 9. HP: 30/81 MP: 10/10
  9271 | D:7      | Found a deep blue altar of Sif Muna.
  9283 | D:7      | Found a sparkling altar of Nemelex Xobeh.
  9283 | D:7      | Found a white marble altar of Elyvilon.
  9348 | D:7      | Found a staircase to the Ecumenical Temple.
  9365 | D:7      | Found an opulent altar of Gozag.
  9376 | Temple   | Entered the Ecumenical Temple
  9436 | Temple   | Became a worshipper of Warmaster Okawaru
  9898 | D:8      | Noticed a two-headed ogre
  9990 | D:8      | Demolished by a two-headed ogre

Vault maps used:
D:1:      enne_arrival_octagon_isle
D:2:      lemuel_tele_altar
D:3:      minivault_23
D:4:      minmay_goblin_kobold_castle, lemuel_crystal_altar,
          kennysheep_generic_room_13
D:5:      grunt_temple_overflow_forces_of_nature,
          nicolae_overflow_crystal_walls, first_ration
D:6:      lemuel_slime, brannock_xom_greatest_gift, kennysheep_mini,
          serial_shops, shop
D:7:      grunt_temple_overflow_open, minmay_temple_entry_glassed_door,
          basic_altar
D:8:      lemuel_coloured_pillars_altar
Temple:   zaba_magenta_temple

Skill      XL: |  1  2  3  4  5  6  7  8 |
---------------+-------------------------+-----
Fighting       | 1 2 3 4 6 8 |  8.3
Armour         | 1 2 3 4 6 8 |  8.3
Dodging        | 3 4 |  4.7
Axes           | 1 4 6 |  6.8
Stealth        | |  1.5
Spellcasting   | |  1.3
Summonings     | |  2.9

Action                   |  1- 3 |  4- 6 |  7- 9 || total
-------------------------+-------+-------+-------++-------
Melee: Unarmed           |    21 |       |       ||    21
       Headbutt          |    12 |    18 |    61 ||    91
       Whip              |   119 |     6 |       ||   125
       Trident           |       |   143 |   124 ||   267
       Hand axe          |       |    29 |    20 ||    49
       Dagger            |       |    19 |   208 ||   227
       Morningstar       |       |       |    60 ||    60
Throw: Throwing net      |       |       |     1 ||     1
 Cast: Summon Small Mamm |    15 |       |       ||    15
       Call Imp          |     1 |       |       ||     1
Evoke: Wand              |       |     5 |       ||     5
  Use: Scroll            |       |     5 |       ||     5
 Stab: Sleeping          |     3 |       |       ||     3
       Distracted        |     1 |       |       ||     1
  Eat: Chunk             |     6 |     7 |    14 ||    27
       Ration            |       |       |     1 ||     1
Armor: Robe              |    17 |       |       ||    17
       Scale mail        |     9 |    89 |   140 ||   238
Dodge: Dodged            |    88 |   142 |   225 ||   455

Table legend:
 A = Spawn XP
 B = Non-spawn XP
 C = Spawn XP percentage of total XP
 D = Spawn monster count
 E = Non-spawn monster count
 F = Spawn count percentage of total count
 G = Total turns spent on level
                    A         B        C        D         E        F      G
               +---------+---------+-------+---------+---------+-------+---------
         Total |       0 |    3206 |   0.0 |       0 |     218 |   0.0 |  9990
               +---------+---------+-------+---------+---------+-------+---------
           D:1 |       0 |      33 |   0.0 |       0 |      20 |   0.0 |  1685
           D:2 |       0 |      26 |   0.0 |       0 |       8 |   0.0 |   643
           D:3 |       0 |     118 |   0.0 |       0 |      29 |   0.0 |  1617
           D:4 |       0 |    1270 |   0.0 |       0 |      99 |   0.0 |  2525
           D:5 |       0 |     760 |   0.0 |       0 |      26 |   0.0 |  1650
           D:6 |       0 |     621 |   0.0 |       0 |      26 |   0.0 |  1122
           D:7 |       0 |     333 |   0.0 |       0 |       9 |   0.0 |   547
           D:8 |       0 |      45 |   0.0 |       0 |       1 |   0.0 |   123
               +---------+---------+-------+---------+---------+-------+---------
